 Dungeon Crawl Stone Soup version 0.23.2 (webtiles) character file.

Game seed: 648154132557743278

4428 Fang the Fighter (level 10, 0/65 HPs)
             Began as a Gargoyle Berserker on Apr 1, 2019.
             Was an Elder of Trog.
             Slain by a hippogriff (2 damage)
             ... on level 8 of the Dungeon.
             The game lasted 00:06:35 (6232 turns).

Fang the Fighter (Gargoyle Berserker)               Turns: 6232, Time: 00:06:35

Health: 0/65       AC: 14    Str: 23    XL:     10   Next: 36%
Magic:  10/10      EV: 15    Int:  9    God:    Trog [****..]
Gold:   414        SH:  0    Dex: 13    Spells: 9/9 levels left

rFire    + . .     SeeInvis .   t - +0 war axe
rCold    . . .     Gourm    .   (no shield)
rNeg     + + .     Faith    .   C - +3 leather armour of Inquiry {rF+ Dex+4}
rPois    ∞         Spirit   .   (no helmet)
rElec    +         Reflect  .   (no cloak)
rCorr    .         Harm     .   (no gloves)
MR       +++..                  (no boots)
Stlth    +.........             (no amulet)
HPRegen  1.20/turn              d - ring of positive energy
MPRegen  0.12/turn              s - ring of protection from magic

@: regenerating
A: negative energy resistance 1, electricity resistance, unbreathing,
petrification resistance, rot immunity, AC +7
a: Berserk, Trog's Hand, Brothers in Arms, Renounce Religion


You were on level 8 of the Dungeon.
You worshipped Trog.
Trog was greatly pleased with you.
You were near starving.

You visited 2 branches of the dungeon, and saw 9 of its levels.

You collected 414 gold pieces.

Inventory:

Hand Weapons
 t - a +0 war axe (weapon)
 w - a +0 hand axe of venom
Armour
 f - a +1 chain mail
 C - the +3 leather armour of Inquiry (worn) {rF+ Dex+4}
   (You found it on level 6 of the Dungeon)

   It affects your dexterity (+4).
   It protects you from fire.
Jewellery
 d - a ring of positive energy (left hand)
 s - a ring of protection from magic (right hand)
Wands
 a - a wand of clouds (6)
 j - a wand of random effects (30)
 q - a wand of paralysis (7)
 B - a wand of iceblast (9)
Scrolls
 e - a scroll of identify
 l - 3 scrolls of remove curse
 n - a scroll of teleportation
Potions
 g - 3 potions of flight {unknown}
 h - 2 potions of heal wounds {unknown}
 m - 2 potions of invisibility
 o - a potion of resistance
 p - 3 potions of ambrosia
 x - a potion of berserk rage
 z - a potion of magic
 D - a potion of haste
Comestibles
 b - 7 chunks of flesh
 c - 14 rations


   Skills:
 + Level 8.8 Fighting
 + Level 7.3 Axes
 + Level 8.4 Armour
 + Level 6.4 Dodging


You had 9 spell levels left.
You didn't know any spells.
Your spell library was empty.

Dungeon Overview and Level Annotations

Branches:
Dungeon (8/15)             Temple (1/1) D:7
   Lair: D:8-11

Altars:
Cheibriados
Dithmenos
Fedhas
Okawaru
Ru
Trog
Wu Jian
Xom

Shops:
D:6 %


Innate Abilities, Weirdness & Mutations

You are resistant to torment.
Your stone body is resilient. (AC +7)
You are immune to poison.
You resist negative energy. (rN+)
You are resistant to electric shocks. (rElec)
You can survive without breathing.
You are immune to petrification.
You are immune to rotting.


Message History

The hippogriff is severely wounded.
The hippogriff barely misses you. The hippogriff closely misses you.
The hippogriff claws you but does no damage.
Your skin crawls.
You feel resistant to hostile enchantments.
You are near starving!
The hippogriff closely misses you.
The hippogriff pecks you but does no damage.
The hippogriff misses you.
You barely miss the hippogriff.
The hippogriff is severely wounded.
The hippogriff bites you but does no damage.
The hippogriff closely misses you. The hippogriff claws you.
* * * LOW HITPOINT WARNING * * *
You hit the hippogriff.
The hippogriff is severely wounded.
The hippogriff completely misses you.
The hippogriff pecks you but does no damage.
The hippogriff claws you.
You die...

...# .## ##.# .. #.# <# '..
##.###.# ## #.# . #......# ..
#.## .. ......## .# #. #.. ⌠.
##.##.# ..# #. #.# .#
##.##.##..#####'#####.######..#..
.......#.).....H@................
..#....#.#######)................
.........# ##............>....
##.......# #..[#...♣...#......
......÷>.# #..()).♣.♣.........
..#...)#.### #...))♣.♣.♣...#....
.....))#...# ###.(♣.♣.♣.♣..#....
.#.......#.# #..♣.♣._.♣.♣.# #..
....###..#.## #...♣.♣.♣.♣..# #.


You could see a hippogriff.

Vanquished Creatures
  Harold (D:7)
  A two-headed ogre (D:8)
  Pikel (D:4)
  Sigmund (D:5)
  Eustachio (D:4)
  A hungry ghost (D:8)
  A water moccasin (D:7)
  Duvessa (D:4)
  A black bear (D:7)
  2 ogres
  An ice beast (D:5)
  2 phantoms
  2 centaurs (D:8)
  4 bullfrogs
  Dowan (D:4)
  2 scorpions
  3 wights (D:7)
  2 howler monkeys
  2 hounds
  An orc priest (D:8)
  Crazy Yiuf (D:2)
  2 jellies (D:8)
  9 orc wizards
  An iguana (D:5)
  4 worker ants
  2 hound skeletons
  A howler monkey zombie (D:6)
  3 gnolls (D:3)
  An adder (D:2)
  2 shadow imps
  An ooze (D:6)
  3 adder skeletons
  A worm (D:2)
  3 dart slugs
  3 leopard geckos
  23 orcs
  8 giant cockroaches
  2 goblins
  5 hobgoblins
  5 jackals
  6 kobolds
  4 quokkas
  A ball python (D:2)
  9 bats
  5 frilled lizards
  A leopard gecko zombie (D:5)
  2 quokka zombies (D:5)
  7 rats
  A fungus (D:4)
147 creatures vanquished.

Vanquished Creatures (others)
  An adder skeleton (D:4)
  A ball python (D:4)
2 creatures vanquished.

Grand Total: 149 creatures vanquished

Notes
Turn   | Place    | Note
-------+----------+-------------------------------------------
     0 | D:1      | Fang the Gargoyle Berserker began the quest for the Orb.
     0 | D:1      | Reached XP level 1. HP: 14/14 MP: 1/1
   280 | D:1      | Reached XP level 2. HP: 19/19 MP: 2/2
   504 | D:1      | Reached XP level 3. HP: 24/24 MP: 3/3
   918 | D:2      | Found a shimmering altar of Xom.
   942 | D:2      | Reached ** piety under Trog
  1238 | D:2      | Found a runed translucent door.
  1239 | D:2      | Noticed Crazy Yiuf
  1636 | D:2      | Killed Crazy Yiuf
  1636 | D:2      | Reached XP level 4. HP: 29/29 MP: 4/4
  1769 | D:3      | Reached XP level 5. HP: 17/33 MP: 5/5
  1933 | D:3      | Found an ornate altar of the Wu Jian Council.
  1960 | D:3      | Found a snail-covered altar of Cheibriados.
  2140 | D:3      | Found a bloodstained altar of Trog.
  2328 | D:4      | Noticed Pikel
  2330 | D:4      | Noticed a slave
  2332 | D:4      | Noticed a slave
  2333 | D:4      | Noticed a slave
  2333 | D:4      | Noticed a slave
  2333 | D:4      | Paralysed by Pikel for 4 turns
  2343 | D:4      | Killed Pikel
  2343 | D:4      | Reached skill level 5 in Fighting
  2343 | D:4      | Reached XP level 6. HP: 40/40 MP: 6/6
  2343 | D:4      | Reached XP level 7. HP: 44/44 MP: 7/7
  2583 | D:4      | Noticed Duvessa
  2583 | D:4      | Noticed Dowan
  2593 | D:4      | Killed Duvessa
  2593 | D:4      | Killed Dowan
  2599 | D:4      | Reached skill level 5 in Armour
  2690 | D:4      | Noticed Eustachio
  2693 | D:4      | Found a blossoming altar of Fedhas.
  2704 | D:4      | Killed Eustachio
  2704 | D:4      | Reached XP level 8. HP: 51/51 MP: 8/8
  2842 | D:5      | Entered Level 5 of the Dungeon
  2945 | D:5      | Reached skill level 5 in Axes
  3050 | D:5      | Noticed Sigmund
  3066 | D:5      | Killed Sigmund
  3300 | D:5      | Reached *** piety under Trog
  3458 | D:5      | Found a shadowy altar of Dithmenos.
  3777 | D:6      | Reached XP level 9. HP: 23/56 MP: 9/9
  3793 | D:6      | Reached skill level 5 in Dodging
  4178 | D:6      | Received a gift from Trog
  4424 | D:6      | Found Deilir's Food Shoppe.
  4432 | D:6      | Got a scorched leather armour
  4443 | D:6      | Identified the +3 leather armour of Inquiry {rF+ Dex+4}
                  | (You found it on level 6 of the Dungeon)
  4581 | D:6      | Found a sacrificial altar of Ru.
  4899 | D:7      | Found a staircase to the Ecumenical Temple.
  4930 | Temple   | Entered the Ecumenical Temple
  5049 | D:7      | Noticed Harold
  5068 | D:7      | Killed Harold
  5674 | D:7      | Reached XP level 10. HP: 38/64 MP: 10/10
  6087 | D:8      | Noticed a two-headed ogre
  6088 | D:8      | Reached **** piety under Trog
  6095 | D:8      | Killed a two-headed ogre
  6168 | D:8      | Found an iron altar of Okawaru.
  6186 | D:8      | HP: 2/65 [acid (13)]
  6228 | D:8      | HP: 2/65 [hippogriff (3)]
  6232 | D:8      | Slain by a hippogriff

Skill      XL: |  1  2  3  4  5  6  7  8  9 10 |
---------------+-------------------------------+-----
Axes           | 3 4 5 6 7 |  7.3
Dodging        | 2 3 4 5 6 |  6.4
Fighting       | 4 5 6 8 |  8.8
Armour         | 3 4 5 6 7 8 |  8.4

Action                   |  1- 3 |  4- 6 |  7- 9 | 10-12 || total
-------------------------+-------+-------+-------+-------++-------
Melee: Hand axe          |   130 |    46 |    10 |       ||   186
       War axe           |       |       |   286 |    69 ||   355
Invok: Berserk           |     1 |     1 |     5 |     1 ||     8
       Trog's Hand       |       |       |       |     1 ||     1
  Use: Scroll            |       |       |    15 |       ||    15
       Potion            |       |       |       |     1 ||     1
 Stab: Paralysed         |       |       |     1 |       ||     1
       Sleeping          |       |       |     1 |       ||     1
  Eat: Chunk             |     2 |     4 |    12 |     1 ||    19
       Ration            |       |       |     1 |     1 ||     2
Armor: Chain mail        |    66 |    42 |   124 |       ||   232
       Scale mail        |     5 |       |       |       ||     5
       Animal skin       |     1 |       |       |       ||     1
       Leather armour    |       |       |    59 |    35 ||    94
Dodge: Dodged            |    63 |    36 |   204 |    68 ||   371
